[Event "*** Titled Tuesday Blitz"]
[Site "Chess.com"]
[Date "2021.03.16"]
[Round "7"]
[White "NateSolon"]
[Black "KyrgyzFighter"]
[Result "1-0"]
[WhiteElo "2567"]
[BlackElo "2429"]
[TimeControl "180+1"]
[EndTime "11:17:11 PDT"]
[Termination "NateSolon won by checkmate"]

1. d4 f5 2. Bg5 g6 3. Nc3 Bg7 4.
e3 Nf6 5. h4 h6 6. Bxf6 Bxf6 7. g4 d5 8. Bd3 f4 9. Bxg6+ Kf8 10.
exf4 Nc6 11. f5 Nxd4 12. Nf3 c5 13. Nxd4 cxd4 14. Ne2 Qb6 15. Rb1 Bd7 16. Nf4 Rc8 17. Kf1 Qd6 18. Qf3 Rxc2 19. Kg2 Kg7 20. g5 Be5 21.
Nh5+ Kf8 22. f6 exf6 23. Bxc2 hxg5 24. hxg5 Rg8 25. g6 d3 26. Bxd3 d4 27. g7+ Ke7 28.
Rbe1 Kd8 29. Bf5 Bc6 30. Be4 Bd7 31. Bd5 Re8 32. Rc1 Be6 33. Bxe6 Qxe6 34. Ng3 Bxg3 35. fxg3 Qa6 36. Rhe1 Rg8 37. Qd5+ Qd6 38. Qxd6# 1-0

[Event "*** Titled Tuesday Blitz"]
[Site "Chess.com"]
[Date "2021.03.16"]
[Round "7"]
[White "mbachez"]
[Black "IngOscarArdila"]
[Result "1-0"]
[WhiteElo "2492"]
[BlackElo "2284"]
[TimeControl "180+1"]
[EndTime "11:17:18 PDT"]
[Termination "mbachez won on time"]

1. e4 e5 2. Nf3 Nf6 3. Nxe5 d6 4. Nf3 Nxe4 5. Nc3 Nf6 6. d4 Be7 7. h3 O-O 8. Bd3 Re8 9. O-O Nbd7 10. Bf4 Nf8 11.
Re1 Ng6 12. Bh2 Bd7 13. a4 a6 14. Qd2 Bc6 15. Ng5 Nd5 16. Nxd5 Bxg5 17. Rxe8+ Bxe8 18. Qe2 Bc6 19. Nc3 Qf6 20. Ne4 Qd8 21. c3 Nf4 22.
Bxf4 Bxf4 23. Re1 d5 24. Nc5 Qf6 25. a5 h6 26. Nxb7 g5 27. Nc5 Bd6 28. b4 Qf4 29. g3 Qf6 30. Kg2 Re8 31. Qxe8+ Bxe8 32. Rxe8+ Kg7 33.
Nd7 Qe6 34. Rxe6 fxe6 35. Bxa6 Kf7 36. Bb7 Ke7 37. a6 1-0

[Event "*** Titled Tuesday Blitz"]
[Site "Chess.com"]
[Date "2021.03.16"]
[Round "7"]
[White "Agibileg"]
[Black "AsaHoffmann"]
[Result "1-0"]
[WhiteElo "2517"]
[BlackElo "2356"]
[TimeControl "180+1"]
[EndTime "11:17:18 PDT"]
[Termination "Agibileg won on time"]

1. d4 Nf6 2. c4 c5 3. d5 e5 4. dxe6 fxe6 5. Nc3 d5 6. cxd5 exd5 7. Bg5 d4 8. Ne4 Be7 9. Bxf6 Bxf6 10. Nxf6+ Qxf6 11. g3 O-O 12. Nf3 Nc6 13. Bg2 Be6 14. O-O Rad8 15. Qc2 b6 16. a3 Bd5 17. b4 c4 18. Nd2 c3 19. Bxd5+ Rxd5 20. Nb3 Qe6 21. Rad1 Rfd8 22. Rd3 Rh5 23. e3 Qh3 24. f4 dxe3 25.
Rxd8+ Nxd8 26. Nd4 Nf7 27. Nf3 Nd6 28. Qxc3 e2 29.
Re1 Qe6 30. Ne5 Qa2 31. Qf3 Rf5 32. Rxe2 Qa1+ 33. Kg2 Nb5 34. Qd5+ 1-0

[Event "*** Titled Tuesday Blitz"]
[Site "Chess.com"]
[Date "2021.03.16"]
[Round "7"]
[White "Matols"]
[Black "Lady_Nika"]
[Result "1-0"]
[WhiteElo "2299"]
[BlackElo "2387"]
[TimeControl "180+1"]
[EndTime "11:17:18 PDT"]
[Termination "Matols won by resignation"]

1. d4 d5 2. c4 e6 3. Nf3 f5 4. g3 Nf6 5. Bg2 c6 6. O-O Bd6 7. b3 O-O 8. Ba3 Ne4 9. Bxd6 Qxd6 10. c5 Qc7 11. Ne5 Nd7 12. f4 Nxe5 13. fxe5 b6 14. Bxe4 dxe4 15. b4 a5 16. Qd2 axb4 17. Qxb4 bxc5 18.
Qxc5 Ra5 19. Qc3 Ba6 20. Rf2 c5 21. Nd2 c4 22. Nb3 Ra3 23. Qc2 Qd7 24. Qb2 cxb3 25. Qxa3 Bc8 26. e3 bxa2 27. Qxa2 Qf7 28. Qa7 Qh5 29.
Qe7 Re8 30. Qc7 Qg5 31. Ra7 h5 32. Kg2 h4 33. Rb2 h3+ 34. Kg1 Qxe3+ 35. Rf2 Qg5 36. Rf4 e3 37. Kf1 Rd8 38. Qf7+ Kh8 39. Rh4+ Qxh4 40.
gxh4 1-0

[Event "*** Titled Tuesday Blitz"]
[Site "Chess.com"]
[Date "2021.03.16"]
[Round "7"]
[White "ckgchess"]
[Black "vugarrasulov"]
[Result "0-1"]
[WhiteElo "2765"]
[BlackElo "2859"]
[TimeControl "180+1"]
[EndTime "11:17:20 PDT"]
[Termination "vugarrasulov won on time"]

1. e4 e5 2. Nf3 Nc6 3. Bc4 Bc5 4. c3 Nf6 5. d4 exd4 6. cxd4 Bb4+ 7. Nbd2 d5 8. exd5 Nxd5 9. O-O O-O 10. a3 Be7 11.
Re1 Be6 12. Ba2 Qd7 13. Ne4 Rad8 14. Neg5 Bf5 15. Ne5 Nxe5 16. Rxe5 c6 17. Rxf5 Qxf5 18. Bb1 Qxg5 19. Bxg5 Bxg5 20. Qh5 h6 21. h4 Nf6 22. Qd1 Bf4 23. Bc2 Rfe8 24. g3 Bc7 25. Qf3 Rxd4 26.
Rd1 Rxd1+ 27. Qxd1 Bb6 28. Qd3 h5 29. Kg2 g6 30. a4 Ng4 31. Bb3 Kg7 32. Qd7 Rf8 33. Qxb7 Bxf2 34. Qxc6 Bd4 35. Qd6 Bxb2 36. a5 Bf6 37. a6 Rd8 38. Qc7 Rd2+ 39. Kf1 Rf2+ 40. Ke1 Bd4 41. Qd7 Bc3+ 42. Kd1 Ne3+ 43. Kc1 Rf1+ 0-1

[Event "*** Titled Tuesday Blitz"]
[Site "Chess.com"]
[Date "2021.03.16"]
[Round "7"]
[White "SameerMujumdar"]
[Black "Chigorinetz"]
[Result "0-1"]
[WhiteElo "2318"]
[BlackElo "2504"]
[TimeControl "180+1"]
[EndTime "11:17:22 PDT"]
[Termination "Chigorinetz won by resignation"]

1. d4 d5 2. c4 Nc6 3. e3 dxc4 4. Bxc4 e5 5. Nf3 exd4 6. exd4 Nf6 7. O-O Be7 8. Nc3 O-O 9. h3 Bf5 10. Be3 a6 11. Ne5 Nxe5 12. dxe5 Qxd1 13. Rfxd1 Nd7 14. Nd5 Bd8 15. f4 Be6 16. Nxc7 Bxc7 17. Bxe6 Nxe5 18. Bd5 Ng6 19. Bxb7 Rab8 20. Bxa6 Rxb2 21. g3 h5 22. h4 Re8 23. Bd4 Rb4 24. Bc3 Bb6+ 25. Kf1 Rbe4 26. Re1 Re3 27. Rac1 Ra8 28. Bc4 Rc8 29.
Bd2 Rf3+ 30. Ke2 Rf2+ 31. Kd1 Rd8 32. Re2 Rxe2 33. Kc2 Rexd2+ 0-1

[Event "*** Titled Tuesday Blitz"]
[Site "Chess.com"]
[Date "2021.03.16"]
[Round "7"]
[White "bricolageur"]
[Black "GelmanAlexander"]
[Result "0-1"]
[WhiteElo "2259"]
[BlackElo "2561"]
[TimeControl "180+1"]
[EndTime "11:17:22 PDT"]
[Termination "GelmanAlexander won by resignation"]

1. e4 c5 2. Nf3 e6 3. d4 cxd4 4. Nxd4 a6 5. Bd3 d6 6. c4 Nf6 7. Nc3 Bd7 8. O-O Nc6 9. Be3 Be7 10. Kh1 O-O 11. f4 Rc8 12. f5 Ne5 13. Qe2 Qc7 14.
Rad1 Nxd3 15. Rxd3 Qxc4 16. Bg5 b5 17. a3 a5 18. b3 Qc5 19. b4 axb4 20. axb4 Qc4 21. Re1 Rfe8 22. Qd2 Qxb4 23. Rg3 Kh8 24. Rd1 Rxc3 25.
Qxc3 Qxc3 26. Rxc3 Nxe4 27. Bxe7 Nxc3 28. Rd3 Rxe7 29. Rxc3 exf5 30. h3 g6 31. Rc7 Kg7 32. Kh2 Kf6 33. Nc6 Bxc6 34. Rxc6 0-1

[Event "*** Titled Tuesday Blitz"]
[Site "Chess.com"]
[Date "2021.03.16"]
[Round "7"]
[White "Playgood28"]
[Black "aljado"]
[Result "1/2-1/2"]
[WhiteElo "2274"]
[BlackElo "2131"]
[TimeControl "180+1"]
[EndTime "11:17:23 PDT"]
[Termination "Game drawn by repetition"]

1. d4 Nf6 2. c4 g6 3. Nc3 d5 4. e3 Bg7 5. Nf3 O-O 6. b4 Ne4 7. Bb2 Nxc3 8. Bxc3 c6 9. Bd3 Bg4 10. Qb3 Bxf3 11. gxf3 e6 12. O-O Qf6 13. Be2 Nd7 14. cxd5 exd5 15. b5 Qh4 16. Bb4 Rfe8 17. Bd6 Re6 18.
Bg3 Qh3 19. Rfc1 h5 20. Bf1 Qf5 21. bxc6 bxc6 22. Qd3 Qg5 23. Kh1 h4 24. Bf4 Qh5 25. Be2 g5 26. Bc7 Rc8 27. Ba5 Nf6 28. Rab1 g4 29. Qd1 gxf3 30. Bxf3 Qf5 31. Rb7 Ne4 32. Rc2 Rf6 33. Bg4 Nxf2+ 34. Rxf2 Qxf2 35. Bxc8 Qxe3 36. Rb8 Qe4+ 37. Kg1 Qe3+ 38. Kh1 Qe4+ 39. Kg1 Qe3+ 40. Kh1 1/2-1/2

[Event "*** Titled Tuesday Blitz"]
[Site "Chess.com"]
[Date "2021.03.16"]
[Round "7"]
[White "Fandorine"]
[Black "RobertoJBM"]
[Result "1-0"]
[WhiteElo "2886"]
[BlackElo "2764"]
[TimeControl "180+1"]
[EndTime "11:17:24 PDT"]
[Termination "Fandorine won by resignation"]

1. e4 c6 2. Nf3 d5 3. d3 g6 4.
e5 Bg4 5. h3 Bxf3 6. Qxf3 e6 7.
d4 Qb6 8. Qb3 Nd7 9. c3 Bh6 10.
f4 Ne7 11. g4 c5 12. Qxb6 axb6 13. Be3 Nc6 14. a3 Bf8 15. Nd2 h5 16. Bg2 Be7 17.
Ke2 hxg4 18. hxg4 O-O-O 19. f5 gxf5 20. gxf5 Rdg8 21. Rxh8 Rxh8 22. f6 Bf8 23. Rh1 Rxh1 24. Bxh1 Ndxe5 25. dxe5 Nxe5 26. Bf3 Kd7 27. Bh5 Ke8 28. Nf3 Nd7 29. Ng5 Nxf6 30. Bxf7+ Ke7 31. Bxe6 Bh6 32. Bh3 Bg7 33. Ne6 Bh8 34. Nc7 Kd6 35.
Nb5+ Kc6 36. a4 Ne4 37. Bg2 Ng3+ 38. Kd2 Nf5 39. c4 Bxb2 40. cxd5+ Kd7 41. Bh3 1-0

[Event "*** Titled Tuesday Blitz"]
[Site "Chess.com"]
[Date "2021.03.16"]
[Round "7"]
[White "MartinMatthiesen"]
[Black "AttackSparrow"]
[Result "0-1"]
[WhiteElo "2385"]
[BlackElo "2516"]
[TimeControl "180+1"]
[EndTime "11:17:24 PDT"]
[Termination "AttackSparrow won by checkmate"]

1. d4 Nf6 2. c4 g6 3. Nc3 d5 4.
Nf3 Bg7 5. Qb3 dxc4 6. Qxc4 Be6 7. Qb5+ Bd7 8. Qxb7 Nc6 9. Qb3 Rb8 10. Qd1 O-O 11. e3 e5 12. d5 Nb4 13. e4 Nxe4 14. Nxe4 f5 15. Nc5 e4 16. Ng5 Qe7 17. Nge6 f4 18. a3 Bxe6 19. Nxe6 e3 20. fxe3 Qh4+ 21. Ke2 Qg4+ 22.
Ke1 Qh4+ 23. Ke2 Bxb2 24. Bxb2 fxe3 25. Qd4 Qf2+ 26. Kd1 Qc2+ 27. Ke1 Rxf1+ 28. Rxf1 Nd3+ 29. Qxd3 Qxd3 30. Bd4 Qd2# 0-1

[Event "*** Titled Tuesday Blitz"]
[Site "Chess.com"]
[Date "2021.03.16"]
[Round "7"]
[White "MateusViageiro"]
[Black "SilviusTiberius"]
[Result "0-1"]
[WhiteElo "2359"]
[BlackElo "2536"]
[TimeControl "180+1"]
[EndTime "11:17:26 PDT"]
[Termination "SilviusTiberius won on time"]

1. e4 e5 2. Nf3 Nc6 3. Bb5 Nf6 4. O-O Nxe4 5. Re1 Nd6 6. Nxe5 Be7 7. Bf1 Nxe5 8.
Rxe5 O-O 9. Nc3 Ne8 10. Nd5 Bd6 11. Re1 c6 12. Ne3 Be7 13. d4 d5 14. c3 g6 15. Qf3 Ng7 16. Bd3 h5 17. h3 Bd6 18.
Nf1 Bf5 19. Bh6 Bxd3 20. Qxd3 Re8 21. Bxg7 Kxg7 22. Ne3 Qg5 23. c4 Qf4 24. Nf1 dxc4 25. Qxc4 Re4 26. Rxe4 Qxe4 27. Rd1 Rd8 28. Qb3 Rd7 29. Qe3 Qd5 30. a3 Be7 31. Qd2 Bf6 32. Ne3 Qe4 33. d5 Kg8 34. Qa5 b6 35. Qd2 Bg5 36.
Qe2 Rxd5 37. Rxd5 cxd5 38. Qd2 d4 0-1

[Event "*** Titled Tuesday Blitz"]
[Site "Chess.com"]
[Date "2021.03.16"]
[Round "7"]
[White "DinaBelenkaya"]
[Black "korbul"]
[Result "0-1"]
[WhiteElo "2373"]
[BlackElo "2592"]
[TimeControl "180+1"]
[EndTime "11:17:27 PDT"]
[Termination "korbul won on time"]

1. e4 c5 2. Nc3 e6 3. Nf3 a6 4. g3 b5 5. Bg2 Bb7 6. d4 cxd4 7. Nxd4 Nf6 8. O-O b4 9. Na4 Qc7 10. Re1 d6 11. c4 Be7 12. Bg5 O-O 13. Rc1 Nbd7 14. Qe2 Rfe8 15. Bd2 Nc5 16. Nxc5 dxc5 17. Nc2 Red8 18. f3 Nd7 19. Bf4 Qb6 20. g4 Bf6 21.
Ne3 Bd4 22. g5 Ne5 23. Red1 Ng6 24. Bg3 e5 25. Kh1 Bxe3 26. Qxe3 Rd4 27. Rxd4 cxd4 28. Qd2 Qc5 29. h4 Rd8 30. h5 Nf8 31. a3 bxa3 32. b4 Qe7 33. Bf1 a2 34. Bd3 Ne6 35. Ra1 Nxg5 36.
Kg2 a5 37. b5 f6 38. Rxa2 Qc7 39. Rxa5 h6 40. Qa2 Kh7 41. Qa3 Qd7 42. Ra7 Qh3+ 43. Kf2 Qxh5 44. Bf1 d3 45. Bg2 d2 0-1

[Event "*** Titled Tuesday Blitz"]
[Site "Chess.com"]
[Date "2021.03.16"]
[Round "7"]
[White "jraosam"]
[Black "c_r_e_e_p_e_r"]
[Result "0-1"]
[WhiteElo "1891"]
[BlackElo "2351"]
[TimeControl "180+1"]
[EndTime "11:17:28 PDT"]
[Termination "c_r_e_e_p_e_r won by resignation"]

1. c4 e5 2. Nc3 Nf6 3. Nf3 Nc6 4. e3 Bb4 5. d4 O-O 6. d5 e4 7. dxc6 exf3 8. cxb7 Bxb7 9. gxf3 d5 10. cxd5 Nxd5 11.
Bd2 Re8 12. Be2 Qe7 13. Nxd5 Bxd5 14. Bxb4 Qxb4+ 15. Qd2 Qb7 16. e4 Be6 17. b3 a5 18. Qc3 c6 19. Rg1 f5 20. O-O-O a4 21.
b4 a3 22. Bc4 fxe4 23. Bxe6+ Rxe6 24. Qc5 exf3 25. Rg3 Rf6 26. Rdg1 g6 27. Qc4+ Qf7 28. Qd4 Rf8 29. Kb1 Rf4 30. Qc3 Qf5+ 31. Ka1 Qf6 32.
Qxf6 R8xf6 33. Rb1 Re6 34. Rb3 Re2 35. Rb1 Rxf2 36. Rb3 Rf1+ 37. Rb1 Rxb1+ 38. Kxb1 f2 0-1

[Event "*** Titled Tuesday Blitz"]
[Site "Chess.com"]
[Date "2021.03.16"]
[Round "7"]
[White "Rodalquilar"]
[Black "ChessWarrior7197"]
[Result "1-0"]
[WhiteElo "2685"]
[BlackElo "2883"]
[TimeControl "180+1"]
[EndTime "11:17:29 PDT"]
[Termination "Rodalquilar won on time"]

1. d4 d5 2. Bf4 c5 3. e3 Nc6 4.
Nf3 Nf6 5. c3 Qb6 6. Qc2 g6 7.
Nbd2 Bf5 8. dxc5 Qxc5 9. Qb3 Qb6 10. Qxb6 axb6 11. Bb5 Bg7 12. Ne5 Bd7 13. Nxd7 Kxd7 14. h4 h6 15. a4 Ne8 16. e4 e6 17. exd5 exd5 18. O-O-O Nc7 19. Nc4 Nxb5 20. Nxb6+ Ke6 21. Nxa8 Nxc3 22. Nc7+ Kf5 23. bxc3 Kxf4 24. Rxd5 Rc8 25.
Rd7 Ne5 26. Nd5+ Ke4 27. f3+ Kd3 28. Rd1+ Ke2 29. Rd2+ Kf1 30. Rxb7 h5 31. Rb1 Kg1 32. g4 1-0

[Event "*** Titled Tuesday Blitz"]
[Site "Chess.com"]
[Date "2021.03.16"]
[Round "7"]
[White "WilliamSchill"]
[Black "JordanLoyd2020"]
[Result "0-1"]
[WhiteElo "2149"]
[BlackElo "2490"]
[TimeControl "180+1"]
[EndTime "11:17:33 PDT"]
[Termination "JordanLoyd2020 won on time"]

1. e4 c5 2. Nf3 Nc6 3. d4 cxd4 4. Nxd4 g6 5. Nc3 Bg7 6. Be3 Nf6 7. Bc4 O-O 8. Bb3 Re8 9. O-O d6 10. h3 Na5 11. f4 b6 12. f5 Nxb3 13. axb3 Bb7 14.
Qf3 a6 15. Nd5 Rc8 16. c4 Rf8 17. Rad1 Nd7 18. fxg6 hxg6 19. Bg5 Bxd5 20. exd5 Ne5 21. Qg3 Qc7 22. Qh4 Rfe8 23. Bh6 Bh8 24. Rf2 Qd7 25. Rdf1 b5 26. cxb5 axb5 27. Nc6 f5 28. Qg3 Kh7 29.
Bf4 Nxc6 30. dxc6 Qxc6 0-1

[Event "*** Titled Tuesday Blitz"]
[Site "Chess.com"]
[Date "2021.03.16"]
[Round "7"]
[White "Aradhya2000"]
[Black "kunaevchess"]
[Result "1-0"]
[WhiteElo "2577"]
[BlackElo "2339"]
[TimeControl "180+1"]
[EndTime "11:17:34 PDT"]
[Termination "Aradhya2000 won by resignation"]

1. d4 Nf6 2. c4 e6 3. Nf3 d5 4. Nc3 Bb4 5. Qb3 c5 6. dxc5 Qa5 7. Bd2 Qxc5 8. cxd5 exd5 9. Rc1 O-O 10. e3 Nc6 11. a3 Bxc3 12. Bxc3 Bg4 13. Qd1 Bxf3 14.
gxf3 Qd6 15. Bb5 Rad8 16. Bxc6 bxc6 17. Bb4 Qe6 18. Bxf8 Rxf8 19. Qd4 h6 20. Ke2 Rb8 21. b4 Rb6 22. Rhg1 Qf5 23. Rc3 g6 24. Qf4 Qe6 25. h4 a5 26. Qd4 Ra6 27. Rgc1 axb4 28. axb4 Nd7 29. b5 Ra2+ 30. R1c2 c5 31. Rxc5 Nxc5 32. Rxa2 Nb3 33. Ra8+ 1-0

[Event "*** Titled Tuesday Blitz"]
[Site "Chess.com"]
[Date "2021.03.16"]
[Round "7"]
[White "Supernotar"]
[Black "zajka-molotok"]
[Result "1-0"]
[WhiteElo "2722"]
[BlackElo "2529"]
[TimeControl "180+1"]
[EndTime "11:17:35 PDT"]
[Termination "Supernotar won by resignation"]

1. d4 d5 2. c4 dxc4 3. e3 Nf6 4. Bxc4 e6 5. Nf3 c5 6. O-O a6 7. Qe2 b5 8. Bd3 cxd4 9. exd4 Bb7 10. a4 bxa4 11.
Rxa4 Be7 12. Nc3 O-O 13. Bg5 h6 14. Bh4 Nbd7 15. Bxa6 Bxa6 16. Rxa6 Rxa6 17. Qxa6 Qb8 18. Qe2 Qb4 19. Rd1 Nb6 20. Ne5 Nbd5 21. Nxd5 Nxd5 22. Nc6 Qb7 23. Nxe7+ Nxe7 24. Bxe7 Qxe7 25. d5 Rd8 26. dxe6 Rxd1+ 27. Qxd1 Qxe6 28. b4 Qc4 29. Qb1 Qb5 30. h3 h5 31. h4 g6 32. g3 Kg7 33. Qb2+ Kg8 34. Qd4 Qe2 35. Qc5 Qe1+ 36. Kh2 Qe2 37. b5 Qb2 38. b6 Kg7 39. Kg2 Qb1 40. Qd4+ Kg8 41. Qd8+ Kh7 42. Qf6 Kg8 43. Qc6 Kh7 44. b7 Kg7 45. Qc7 Qe4+ 46. Kh2 Qf3 47. Qb6 g5 48.
b8=Q 1-0

[Event "*** Titled Tuesday Blitz"]
[Site "Chess.com"]
[Date "2021.03.16"]
[Round "7"]
[White "Beltraxtor"]
[Black "GMKrikor"]
[Result "0-1"]
[WhiteElo "2595"]
[BlackElo "2757"]
[TimeControl "180+1"]
[EndTime "11:17:37 PDT"]
[Termination "GMKrikor won on time"]

1. d4 Nf6 2. Bf4 c5 3. c3 g6 4. e3 Bg7 5. Nf3 O-O 6. Nbd2 d6 7. dxc5 dxc5 8. h3 Nd5 9. Bg3 Nc6 10. Be2 Bxc3 11.
bxc3 Nxc3 12. Qb3 Nxe2 13. Kxe2 b6 14. Rhd1 Ba6+ 15. Ke1 Qc8 16. a3 Rd8 17. Rac1 Qf5 18. Nc4 Qe6 19. Rxd8+ Rxd8 20. Qc3 f6 21. Nfd2 Qf5 22.
e4 Qe6 23. f3 Kf7 24. Bf4 g5 25. Be3 h5 26. Kf2 Qd7 27. e5 b5 28. exf6 exf6 29. Na5 Ne5 30. Kg1 Nd3 31. Rd1 Qe6 32. Nf1 b4 33. axb4 cxb4 34. Qc6 Bc8 0-1

[Event "*** Titled Tuesday Blitz"]
[Site "Chess.com"]
[Date "2021.03.16"]
[Round "7"]
[White "mjray79"]
[Black "JosefineHeinemann"]
[Result "0-1"]
[WhiteElo "2469"]
[BlackElo "2647"]
[TimeControl "180+1"]
[EndTime "11:17:37 PDT"]
[Termination "JosefineHeinemann won by resignation"]

1. d4 Nf6 2. c4 e6 3. g3 c5 4.
d5 exd5 5. cxd5 d6 6. Bg2 g6 7.
Nf3 Bg7 8. O-O O-O 9. Nc3 Re8 10. Nd2 Nbd7 11. Nc4 Ne5 12. Nxe5 Rxe5 13. f4 Re8 14. e4 Ng4 15. Ne2 c4 16. Qe1 b5 17. h3 Qb6+ 18. Kh1 Ne3 19. Bxe3 Qxe3 20. Nc3 Qc5 21. Qd2 Bb7 22. Rac1 b4 23. Ne2 a5 24. f5 Ba6 25.
f6 Bf8 26. Rfe1 Rac8 27. Nd4 c3 28. bxc3 bxc3 29. Qe3 h5 30. Red1 Qxd5 31. Qf4 Qe5 32.
Qf2 Bh6 33. Rc2 Bb7 34. Nf3 Qxf6 35. e5 dxe5 36. Qe2 e4 37. Nd4 Red8 38. Nb5 Rd2 39. Rdxd2 cxd2 40. Rxc8+ Bxc8 41. Bxe4 Qa1+ 42. Kg2 d1=Q 0-1

[Event "*** Titled Tuesday Blitz"]
[Site "Chess.com"]
[Date "2021.03.16"]
[Round "7"]
[White "Kislov_Oleg"]
[Black "Nemsko"]
[Result "1-0"]
[WhiteElo "2450"]
[BlackElo "2306"]
[TimeControl "180+1"]
[EndTime "11:17:40 PDT"]
[Termination "Kislov_Oleg won by checkmate"]

1. e4 e5 2. Nf3 Nc6 3. d4 exd4 4.
Nxd4 Nf6 5. Nc3 Bb4 6. Nxc6 bxc6 7. Bd3 d5 8. exd5 cxd5 9. O-O O-O 10. Bg5 c6 11. Qf3 Be7 12. Rfe1 h6 13. Bh4 Be6 14. Ne2 Rb8 15. Nd4 Qd7 16. Nxe6 fxe6 17. Qh3 Rxb2 18. Qxe6+ Qxe6 19. Rxe6 Kf7 20. Rxc6 Rfb8 21. f3 Bd8 22. Bf2 Rb1+ 23. Rxb1 Rxb1+ 24. Bf1 Rb2 25. Ra6 Rxc2 26. Rxa7+ Kf8 27. Ra8 Ke7 28. a4 Ra2 29. Bc5+ Kd7 30. Bb5+ Kc7 31. Ra7+ Kb8 32. Rxg7 Ra1+ 33. Kf2 Ra2+ 34. Ke3 Bc7 35. g3 Rxh2 36. Rf7 Nh5 37. Bc6 Bxg3 38. Kd4 Bf2+ 39. Kxd5 Bxc5 40. Kxc5 Rc2+ 41.
Kb6 Rb2+ 42. Bb5 Kc8 43. Rf8# 1-0

[Event "*** Titled Tuesday Blitz"]
[Site "Chess.com"]
[Date "2021.03.16"]
[Round "7"]
[White "SanchezKelvin"]
[Black "nrvisakh"]
[Result "1/2-1/2"]
[WhiteElo "2626"]
[BlackElo "2793"]
[TimeControl "180+1"]
[EndTime "11:17:43 PDT"]
[Termination "Game drawn by agreement"]

1. d4 Nf6 2. c4 g6 3. Nf3 Bg7 4. Nc3 O-O 5. e4 d6 6. Be2 e5 7. O-O Nc6 8. d5 Ne7 9. Ne1 Ne8 10. Nd3 f5 11. f3 f4 12. c5 g5 13. cxd6 cxd6 14.
Nf2 Ng6 15. Bd2 h5 16. h3 Kh7 17. Rc1 Rg8 18. Qb3 Bf6 19. Nb5 Rg7 20. Rc2 g4 21. hxg4 Bh4 22. Rfc1 Bxf2+ 23. Kxf2 Qh4+ 24. Kg1 hxg4 25. fxg4 Bxg4 26. Bxg4 Qxg4 27. Qh3+ Qxh3 28. gxh3 Nh4+ 29.
Kf1 Nf6 30. Be1 Nf3 31. Nxd6 Rag8 32. Rc7 Ng5 33. Nf5 Rxc7 34. Rxc7+ Kh8 35. Bc3 Ngxe4 36. Bxe5 Rg5 37. Bxf6+ Nxf6 38. Ne7 Nxd5 39. Nxd5 Rxd5 40. Rxb7 Rd2 41. a4 a5 42. h4 Rd4 43. b3 Rd3 44.
Kf2 Rh3 45. Rb5 Kg7 46. h5 Kh6 47. Rxa5 Rxb3 48. Rf5 Ra3 49. a5 Kg7 50. Rb5 Kh6 51. Kg2 Kg7 52. Kf2 Kh6 53. Rf5 Kg7 1/2-1/2

[Event "*** Titled Tuesday Blitz"]
[Site "Chess.com"]
[Date "2021.03.16"]
[Round "7"]
[White "mirochka"]
[Black "DanilovVladimir"]
[Result "0-1"]
[WhiteElo "2236"]
[BlackElo "2427"]
[TimeControl "180+1"]
[EndTime "11:17:44 PDT"]
[Termination "DanilovVladimir won by checkmate"]

1. e4 e5 2. Nf3 Nc6 3. d4 exd4 4.
c3 d5 5. exd5 Qxd5 6. cxd4 Nf6 7. Nc3 Bb4 8. Be2 O-O 9. O-O Bxc3 10. bxc3 Bg4 11. Rb1 Na5 12. Rb5 Qxa2 13. Bd3 c6 14.
Rg5 h6 15. Re5 Nd7 16. Re7 Qd5 17. Bb1 Nf6 18. Qd3 Bxf3 19. gxf3 Qd6 20. Rfe1 b5 21. Kh1 Nc4 22. Rd1 Qxe7 23. Rg1 Kh8 24. Bxh6 gxh6 25. Qf5 Rg8 26. Qf4 Rxg1+ 27. Kxg1 Qe1+ 28.
Kg2 Rg8+ 29. Kh3 Qxb1 30. Qxf6+ Rg7 31. Qd8+ Kh7 32. Qf6 Qg6 33. Qxg6+ Rxg6 34. f4 a5 35. f5 Rf6 36. Kg4 a4 37. Kf4 a3 38. Ke4 a2 39. f4 a1=Q 40. Kf3 Qf1+ 41. Kg3 Rxf5 42. Kg4 Rxf4+ 43. Kg3 Qf3# 0-1

[Event "*** Titled Tuesday Blitz"]
[Site "Chess.com"]
[Date "2021.03.16"]
[Round "7"]
[White "Kobalia"]
[Black "I_Enchev"]
[Result "1-0"]
[WhiteElo "2740"]
[BlackElo "2560"]
[TimeControl "180+1"]
[EndTime "11:17:45 PDT"]
[Termination "Kobalia won by resignation"]

1. e4 c6 2. Nf3 d5 3. exd5 cxd5 4.
Ne5 Nf6 5. d4 Nc6 6. Bb5 Bd7 7.
Nxd7 Qxd7 8. c3 e6 9. O-O Bd6 10. Nd2 O-O 11. Nf3 a6 12. Bd3 Ne4 13. Re1 f5 14.
Nd2 Qc7 15. Nf1 Rae8 16. f3 Nf6 17. a4 h6 18. Bd2 g5 19. Rc1 Qb6 20. Kh1 Kg7 21.
b4 Re7 22. Ne3 f4 23. Nf1 Rc8 24. Bb1 e5 25. dxe5 Nxe5 26. Qc2 Qd8 27. Rxe5 Bxe5 28. Qg6+ Kh8 29. Qxh6+ Nh7 30. Re1 Qf8 31. Qh5 Bf6 32. h4 Qg7 33. Nh2 Rxe1+ 34. Bxe1 gxh4 35. Ng4 Rf8 36. c4 d4 37. c5 Bd8 38. Bf2 Kg8 39. Bxd4 Bf6 40. Bxh7+ Qxh7 41. Nxf6+ Rxf6 42. Qxh7+ Kxh7 43. Bxf6 1-0

[Event "*** Titled Tuesday Blitz"]
[Site "Chess.com"]
[Date "2021.03.16"]
[Round "7"]
[White "PavelChernomordik"]
[Black "elohunter1999"]
[Result "1-0"]
[WhiteElo "2412"]
[BlackElo "2589"]
[TimeControl "180+1"]
[EndTime "11:17:46 PDT"]
[Termination "PavelChernomordik won by checkmate"]

1. e4 c6 2. Nc3 d5 3. Qf3 e5 4.
exd5 Nf6 5. dxc6 Nxc6 6. Bb5 Bd7 7. Qd1 Bc5 8. Nf3 O-O 9. d3 a6 10. Bxc6 Bxc6 11. O-O Qc7 12. Bg5 Nd5 13. Ne4 Ba7 14. Re1 f5 15. Ng3 Rae8 16. d4 exd4 17. Rxe8 Rxe8 18.
Nxf5 h6 19. Bh4 Qf4 20. N5xd4 Bd7 21. Bg3 Qe4 22. c3 Bg4 23. h3 Bh5 24. Qb3 Kh8 25. Qxb7 Re7 26. Qa8+ Kh7 27. Re1 Bxf3 28. Nxf3 Qc2 29.
Rxe7 Nxe7 30. Qxa7 Nf5 31. Qxa6 h5 32. Qe6 Qc1+ 33.
Kh2 g6 34. Qf7+ Kh6 35. Ne5 Qg5 36. h4 Nxh4 37. Qg8 Nf5 38. Qh8# 1-0

[Event "*** Titled Tuesday Blitz"]
[Site "Chess.com"]
[Date "2021.03.16"]
[Round "7"]
[White "DrMamaliga"]
[Black "Grieve72"]
[Result "1-0"]
[WhiteElo "2397"]
[BlackElo "2495"]
[TimeControl "180+1"]
[EndTime "11:17:47 PDT"]
[Termination "DrMamaliga won on time"]

1. c4 f5 2. b4 Na6 3. b5 Nc5 4. d4 Ne4 5. e3 e5 6. Bd3 Bb4+ 7. Nd2 Bc3 8. Rb1 Ngf6 9. dxe5 Bxe5 10. Bxe4 fxe4 11. Nxe4 O-O 12. Nxf6+ Qxf6 13. Nf3 d6 14. h3 Qg6 15. Nxe5 Qxb1 16. Nf3 Be6 17. O-O Bxc4 18.
Re1 Qxb5 19. Qd4 Qd5 20. Qc3 Rae8 21. Bb2 Re7 22. Nd2 b5 23. e4 Qd3 24. Nxc4 Qxc3 25.
Bxc3 bxc4 26. f3 Rb8 27. Bd4 c5 28. Bf2 Rb2 29. Rd1 Re6 30. a4 c3 31. Rc1 c2 32.
Be3 Rb1 33. Kf2 Rxc1 34. Bxc1 d5 35. exd5 1-0

[Event "*** Titled Tuesday Blitz"]
[Site "Chess.com"]
[Date "2021.03.16"]
[Round "7"]
[White "rynos0411"]
[Black "GM4life"]
[Result "1-0"]
[WhiteElo "2506"]
[BlackElo "2334"]
[TimeControl "180+1"]
[EndTime "11:17:49 PDT"]
[Termination "rynos0411 won by resignation"]

1. e4 c5 2. c3 Nf6 3. e5 Nd5 4. d4 d6 5. Nf3 cxd4 6. cxd4 Nc6 7. Bc4 Nb6 8. Bb5 dxe5 9. Nxe5 Bd7 10. Nxd7 Qxd7 11.
Be3 Rd8 12. O-O e6 13. Nc3 Be7 14. Re1 O-O 15. Qd3 Nd5 16. Rad1 a6 17. Ba4 Ncb4 18. Qd2 b5 19. Bb3 Rc8 20. Ne4 a5 21. Nc5 Qc6 22. Rc1 Qa8 23. a3 a4 24. Bd1 Na6 25. Bf3 Rfd8 26.
Nd3 b4 27. axb4 Rxc1 28. Rxc1 Naxb4 29. Nxb4 Bxb4 30. Qc2 h6 31. Ra1 Rc8 32. Qxa4 Qxa4 33. Rxa4 Nxe3 34. fxe3 Rc1+ 35. Kf2 Rc2+ 36. Kg3 Rxb2 37.
h3 Kh7 38. Be4+ f5 39. Bf3 Bd6+ 40. Kh4 g5+ 41. Kh5 Rc2 42. Ra6 Rc7 43. Rxd6 g4 44. hxg4 Rg7 45. gxf5 Rg5+ 46. Kh4 Rxf5 47. Be4 Kg6 48.
Rxe6+ 1-0